 Dungeon Crawl Stone Soup version 0.30.1-11-g7821555f0a (webtiles) character file.

Game seed: 12210918196235449346

2554 hawla the Spear-Bearer (level 10, -3/72 HPs)
             Began as a Meteoran Fire Elementalist on Jan 3, 2024.
             Slain by a death yak (26 damage)
             ... on level 8 of the Dungeon.
             The game lasted 00:22:00 (4678 turns).

hawla the Spear-Bearer (Meteoran Fire Elementalist) Turns: 4678, Time: 00:22:00

Health: -3/72      AC:  4    Str:  9    XL:     10   Next: 11%
Magic:  10/21      EV: 14    Int: 28    God:
Gold:   67         SH:  5    Dex: 21    Spells: 10/22 levels left

rFire   + . .        g - +1 spear "Quch" {vamp, *Noise Dex+6 SInv}
rCold   . . .        (no shield)
rNeg    . . .        a - +0 robe
rPois   .            (no helmet)
rElec   .            m - +0 cloak
rCorr   .            s - +0 pair of gloves
SInv    +            (no boots)
Will    +....        r - amulet of reflection
Stlth   +            C - +6 ring of intelligence
HPRegen 0.32/turn    (no ring)
MPRegen 0.17/turn

%: reflection
@: about to teleport, glowing
A: sense surroundings 2, otherworldly, glowing, explore regen, fire resistance 1
a: no special abilities


You were on level 8 of the Dungeon.
You visited 2 branches of the dungeon, and saw 9 of its levels.
You also visited: Sewer and Ossuary.

You collected 307 gold pieces.
You spent 240 gold pieces at shops.

Inventory:

Hand Weapons
 g - the +1 spear "Quch" (weapon) {vamp, *Noise Dex+6 SInv}
   (You found it on level 3 of the Dungeon)

   Dex:       It affects your dexterity (+6).
   SInv:      It lets you see invisible.
   *Noise:    It may make noises in combat.
 j - a +3 vampiric spear
Missiles
 t - 5 curare-tipped darts
Armour
 a - a +0 robe (worn)
 m - a +0 cloak (worn)
 s - a +0 pair of gloves (worn)
Jewellery
 r - an amulet of reflection (around neck)
 C - a +6 ring of intelligence (left hand)
Wands
 f - a wand of polymorph (11)
 l - a wand of paralysis (1)
Scrolls
 d - 2 scrolls of amnesia
 k - a scroll of magic mapping
 n - a scroll of silence {unknown}
 w - a scroll of vulnerability {unknown}
 x - 3 scrolls of fog
 y - a scroll of acquirement {unknown}
 B - a scroll of enchant weapon {unknown}
Potions
 b - a potion of magic
 c - 3 potions of might
 e - a potion of invisibility
 h - 5 potions of curing
 i - a potion of berserk rage
 o - 6 potions of resistance
 p - a potion of brilliance
 q - 3 potions of cancellation {unknown}
 z - 3 potions of haste {unknown}
 A - 3 potions of flight
 D - 2 potions of ambrosia {unknown}
 F - a potion of lignification {unknown}


   Skills:
 - Level 1.4 Fighting
 + Level 10.2 Polearms
 - Level 3.9 Dodging
 - Level 1.4 Stealth
 - Level 6.7 Spellcasting
 - Level 3.5 Conjurations
 - Level 6.8 Fire Magic
 * Level 3.1 Ice Magic
 * Level 3.1 Air Magic


You had 10 spell levels left.
You knew the following spells:

 Your Spells              Type           Power      Damage    Failure   Level
a - Foxfire               Conj/Fire      100%       2x1d9     1%          1
b - Scorch                Fire           94%        2d8       1%          2
c - Flame Wave            Conj/Fire      38%        2d10      7%          4
d - Freezing Cloud        Conj/Ice/Air   13%        6-21      38%         5

Your spell library contained the following spells:

 Spells                   Type           Power      Damage    Failure   Level
 Inner Flame              Hex/Fire       28%        N/A       4%          3
 Volatile Blastmotes      Fire/Tloc      56%        2d14      4%          3
 Apportation              Tloc           18%        N/A       5%          1
 Necrotise                Necr           36%        1d5       5%          1
 Summon Small Mammal      Summ           36%        N/A       5%          1
 Cigotuvi's Dreadful Rot  Necr/Pois/Air  30%        N/A       5%          2
 Ignite Poison            Fire/Tmut/Pois 22%        N/A       7%          3
 Dazzling Flash           Conj/Hex       38%        N/A       9%          3
 Passage of Golubria      Tloc           9%         N/A       50%         4
 Silence                  Hex/Air        9%         N/A       63%         5
 Agony                    Necr           9%         N/A       83%         5
 Lehudib's Crystal Spear  Conj/Erth      9%         10d4      100%        8


Dungeon Overview and Level Annotations

Branches:
Dungeon (8/15) Zot: 649    Temple (1/1) D:4 Zot: 347    Lair (0/5) D:8
  Sewer (visited)         Ossuary (visited)

Altars:
Ashenzari
Cheibriados
Dithmenos
Elyvilon
Fedhas
Gozag
Hepliaklqana
Kikubaaqudgha
Makhleb
Nemelex Xobeh
Okawaru
Qazlal
Ru
Sif Muna
Trog
Wu Jian
Xom
Yredelemnul
Zin
The Shining One

Shops:
D:7 !

Annotations:
D:3 2 runed translucent doors, Crazy Yiuf


Innate Abilities, Weirdness & Mutations

You passively map the area around you.
You are easily found by Zot.
You glow in the dark.
You regain HP and MP as you explore.
Your flesh is heat resistant. (rF+)


Message History

A quokka comes into view.
A wave of flame ripples out!
The flame wave engulfs the death yak but does no damage.
The death yak is severely wounded.
You hear a shout! x2
A river rat comes into view.
The death yak gores you!!
A wave of flame ripples out!
The flame wave engulfs the death yak.
The death yak is burned terribly!
The death yak is severely wounded.
The flame wave engulfs the death yak!
The death yak is lightly wounded.
The flame wave engulfs the death yak.
The death yak is lightly wounded.
You finish channelling waves of flame.
You hear a shout!
A quokka comes into view.
The death yak closely misses you.
As you read the scroll of fear, it crumbles to dust.
You assume a fearsome visage.
The quokka looks frightened! x2
The river rat looks frightened!
The quokka looks frightened!
The rat looks frightened!
The hell rat looks frightened!
The death yak resists with some effort.
The death yak looks frightened!
The death yak easily resists.
The shadow imp looks frightened!
As you read the scroll of teleportation, it crumbles to dust.
You feel strangely unstable.
A kobold comes into view. It is wielding a +0 dagger.
The death yak closely misses you. The death yak gores you!
* * * LOW HITPOINT WARNING * * *
You feel much better.
A kobold comes into view. It is wielding a +0 short sword.
The death yak gores you!!
* * * LOW HITPOINT WARNING * * *
The death yak gores you but does no damage.
A rat comes into view.
Found 3 scrolls labelled TICRA DAEMNUO.
The death yak seems to regain its courage.
The death yak barely misses you. The death yak attacks as you move away!
The death yak gores you!!
You die...

,, , ...........#
..r..>.r..K....# *
.......#.......#
.....##r...ยง...##### #
**.....?....##.......#
# ,*
,,,.......#.Y.#.......#
# ,
,......r##..#.......# #
, ,
,,........Y..'.......#
# , ,
....#@Y..#.......# # ,
,,., #....#>......# # *
*** ######.......#####
, ,, , ,
..........####.... , ,
, , ..........#.......
,,, ,,
,..........#....... , ,
..........'....... , ,
..........#....... , ,,
..........#.......


You could see 3 death yaks, a hell rat (fleeing) and a rat.

Vanquished Creatures
  Prince Ribbit (D:6)
  A wyvern (D:8)
  2 water moccasins
  4 ogres
  A centaur (D:8)
  2 phantoms
  A kobold brigand (D:4)
  2 gnoll sergeants
  3 water moccasin zombies (Ossuary)
  2 scorpions
  4 killer bees (D:7)
  An electric eel (D:6)
  A hound (D:6)
  An orc priest (D:8)
  A jelly (D:6)
  5 iguanas
  Natasha (thrice) (D:3)
  2 gnoll boudas (D:7)
  A sleepcap (D:7)
  An orc wizard (D:8)
  A hell rat (Sewer)
  2 mummies (Ossuary)
  12 gnolls
  3 river rats
  5 adders
  2 white imps (D:5)
  5 adder zombies (Ossuary)
  3 dart slugs
  3 orcs
  5 endoplasms
  3 giant cockroaches
  5 goblins
  5 hobgoblins
  3 jackals (D:4)
  6 kobolds
  2 quokkas
  4 ball pythons
  A bat (D:1)
  2 gnoll zombies (Ossuary)
  4 hobgoblin zombies (Ossuary)
  3 kobold zombies (Ossuary)
  8 orc zombies (Ossuary)
  11 rats
137 creatures vanquished.

Vanquished Creatures (collateral kills)
  5 foxfires (D:6)
5 creatures vanquished.

Vanquished Creatures (others)
  160 foxfires
160 creatures vanquished.

Grand Total: 302 creatures vanquished

Notes
Turn   | Place    | Note
-------+----------+-------------------------------------------
     0 | D:1      | hawla the Meteoran Fire Elementalist began the quest for
                  | the Orb.
     0 | D:1      | Reached XP level 1. HP: 14/14 MP: 5/5
    84 | D:1      | Reached XP level 2. HP: 20/20 MP: 2/7
   247 | D:3      | Found a runed translucent door.
   247 | D:3      | Noticed Natasha
   256 | D:3      | Killed Natasha
   257 | D:3      | Reached XP level 3. HP: 10/26 MP: 3/8
   257 | D:3      | Reached XP level 4. HP: 13/33 MP: 3/10
   260 | D:3      | Learned a level 2 spell: Scorch
   298 | D:3      | Noticed Natasha
   301 | D:3      | Killed Natasha
   466 | D:3      | Noticed Natasha
   471 | D:3      | Killed Natasha
   472 | D:3      | Reached skill level 5 in Fire Magic
   472 | D:3      | Reached XP level 5. HP: 37/39 MP: 5/11
   483 | D:3      | Identified the +1 spear "Quch" {vamp, *Noise Dex+6 SInv}
   538 | D:3      | Reached XP level 6. HP: 23/46 MP: 7/13
   545 | D:3      | Learned a level 4 spell: Flame Wave
   568 | D:3      | Found a hazy altar of Hepliaklqana.
   888 | D:3      | Found a runed translucent door.
   889 | D:3      | Noticed Crazy Yiuf
   891 | D:3      | You fall into a shaft and drop 1 floor!
   923 | D:4      | Found a staircase to the Ecumenical Temple.
   947 | Temple   | Entered the Ecumenical Temple
  1237 | D:4      | Noticed an ogre
  1244 | D:4      | Reached skill level 5 in Spellcasting
  1246 | D:4      | Killed an ogre
  1247 | D:4      | Reached skill level 1 in Fighting
  1247 | D:4      | Reached XP level 7. HP: 50/52 MP: 1/16
  1418 | D:4      | Found a burning altar of Makhleb.
  1465 | D:4      | Found a sparkling altar of Nemelex Xobeh.
  1538 | D:4      | Found a shimmering altar of Xom.
  1628 | D:5      | Entered Level 5 of the Dungeon
  1646 | D:5      | Found a glowing drain.
  1671 | Sewer    | Entered a sewer
  1898 | D:5      | Reached skill level 1 in Polearms
  1927 | D:5      | Reached XP level 8. HP: 59/59 MP: 14/18
  2164 | D:5      | Found a white marble altar of Elyvilon.
  2683 | D:4      | Learned a level 5 spell: Freezing Cloud
  2745 | D:5      | Reached skill level 2 in Polearms
  2745 | D:5      | Reached skill level 1 in Ice Magic
  2745 | D:5      | Reached skill level 1 in Air Magic
  2785 | D:6      | Noticed Prince Ribbit
  2794 | D:6      | Killed Prince Ribbit
  2840 | D:6      | Found a sand-covered staircase.
  2846 | Ossuary  | Entered an ossuary
  2921 | Ossuary  | Reached skill level 3 in Polearms
  2945 | Ossuary  | Reached skill level 4 in Polearms
  2982 | Ossuary  | Gained mutation: You passively map the area around you.
                  | [Meteoran growth]
  2982 | Ossuary  | Reached XP level 9. HP: 49/64 MP: 1/20
  3042 | D:6      | Gained mutation: Your flesh is heat resistant. (rF+)
                  | [potion of mutation]
  3085 | D:6      | Reached skill level 5 in Polearms
  3105 | D:6      | Reached skill level 6 in Polearms
  3218 | D:6      | Reached skill level 7 in Polearms
  3461 | D:6      | Reached skill level 8 in Polearms
  3702 | D:7      | Reached skill level 9 in Polearms
  3936 | D:7      | Found Laab's Distillery.
  3943 | D:7      | Bought a potion of heal wounds for 80 gold pieces
  3943 | D:7      | Bought a potion of resistance for 160 gold pieces
  4541 | D:8      | Reached skill level 10 in Polearms
  4541 | D:8      | Reached XP level 10. HP: 72/72 MP: 15/21
  4597 | D:8      | Found an iron altar of Okawaru.
  4660 | D:8      | Found a staircase to the Lair.
  4660 | D:8      | Noticed a death yak
  4667 | D:8      | Noticed a death yak
  4668 | D:8      | Noticed a death yak
  4678 | D:8      | Slain by a death yak

Illustrated notes

Levels and vault maps discovered:
D:1:      minmay_arrival_widening_spiral_wide, layout_basic
D:2:      layout_loops_cross, minmay_misc_feat_plants
D:3:      layout_loops_ring, worldfamousw_hep_ancestral_shrine,
          ebering_ghost_reflecting_pool, minmay_diced_spiral,
          uniq_crazy_yiuf_cottage, uniq_natasha
D:4:      layout_rooms, overflow_temple_1_default, nemelex_altar_shiori,
          marbit_many_paths, minmay_temple_entry_trees, corexii_shack,
          kennysheep_nondescript
D:5:      layout_loops_corners, nicolae_elyvilon_temple_path,
          portal_sewer_entry_b, minmay_fire_ice_demons
D:6:      layout_loops_cross, serial_bayou, serial_bayou_lagoon_a,
          serial_bayou_pond_d, serial_bayou_pond_a, serial_bayou_pond_e,
          nicolae_ossuary_entry_plus, kennysheep_donut, uniq_prince_ribbit1
D:7:      layout_basic, serial_shops, nicolae_shop_peninsula,
          hangedman_decor_clover_reticule
D:8:      layout_gridville, mainiacjoe_overflow_24_doors, dpeg_lair_monsters,
          serial_shops, nicolae_square_shop
Temple:   minmay_temple_curvy_branch

Skill      XL: |  1  2  3  4  5  6  7  8  9 10 |
---------------+-------------------------------+-----
Spellcasting   | 3 4 5 6 |  6.7
Fire Magic     | 4 5 6 |  6.8
Dodging        | 3 |  3.9
Conjurations   | 2 3 |  3.5
Fighting       | 1 |  1.4
Polearms       | 1 4 10 | 10.2
Ice Magic      | 2 3 |  3.1
Air Magic      | 2 3 |  3.1
Stealth        | |  1.4

Action                     |  1- 3 |  4- 6 |  7- 9 | 10-12 || total
---------------------------+-------+-------+-------+-------++-------
  Melee: Unarmed           |     5 |     3 |       |       ||     8
         Spear             |       |    19 |   155 |     3 ||   177
         Punch             |       |     1 |     5 |       ||     6
   Cast: Foxfire           |    21 |    18 |    45 |     8 ||    92
         Scorch            |       |    21 |    62 |     5 ||    88
         Flame Wave        |       |     2 |    14 |     1 ||    17
  Evoke: Wand              |       |       |     1 |       ||     1
    Use: Scroll            |     2 |       |    14 |     2 ||    18
         Potion            |       |       |     6 |     1 ||     7
   Stab: Sleeping          |       |       |     1 |       ||     1
 Armour: Robe              |     2 |     4 |    23 |     2 ||    31
  Dodge: Dodged            |     5 |    26 |   121 |     4 ||   156
  Block: Other             |       |       |    40 |     3 ||    43
         Reflection        |       |       |     1 |     1 ||     2
